 Dungeon Crawl Stone Soup version 0.25-a0-201-g0bb11aece9 (webtiles) character file.

Game seed: 11478236857391141028, levelgen mode: deterministic

687 MisterFreud the Ducker (level 7, -13/50 HPs)
             Began as an Octopode Artificer on Dec 2, 2019.
             Was an Initiate of Cheibriados.
             Blown up by an orc wizard (26 damage)
             ... with a disintegration bolt
             ... on level 5 of the Dungeon.
             The game lasted 00:07:49 (5752 turns).

MisterFreud the Ducker (Octopode Artificer)         Turns: 5752, Time: 00:07:49

Health: -13/50     AC:  1    Str: 13    XL:     7   Next: 62%
Magic:  9/9        EV: 16    Int: 16    God:    Cheibriados [......]
Gold:   229        SH:  0    Dex: 13    Spells: 6/6 levels left

rFire    . . .     SeeInvis .   l - +1 war axe (freeze)
rCold    . . .     Gourm    .   (no shield)
rNeg     . . .     Faith    .   (helmet restricted)
rPois    .         Spirit   .   (no amulet)
rElec    .         Reflect  .   (no ring)
rCorr    .         Harm     .   (no ring)
MR       .....                  (no ring)
Stlth    +++.......             (no ring)
HPRegen  0.16/turn              (no ring)
MPRegen  0.11/turn              (no ring)
                                (no ring)
                                (no ring)

@: very slow
A: almost no armour, stealthy swim, amphibious, 8 rings, constrict 8, camouflage
1, gelatinous body 1
a: Bend Time, Renounce Religion


You were on level 5 of the Dungeon.
You worshipped Cheibriados.
Cheibriados was noncommittal.
You were not hungry.

You visited 2 branches of the dungeon, and saw 6 of its levels.

You collected 273 gold pieces.
You spent 44 gold pieces at shops.

Inventory:

Hand Weapons
 a - a +1 short sword
 l - a +1 war axe of freezing (weapon)
Wands
 b - a wand of flame (19)
 c - a wand of enslavement (14)
 d - a wand of random effects (31)
 r - a wand of disintegration (14)
 t - a wand of polymorph (4)
Scrolls
 h - 3 scrolls of blinking
 i - 2 scrolls of enchant weapon
 m - 6 scrolls of teleportation
 p - a scroll of remove curse
Potions
 e - 2 potions of agility
 g - a potion of lignification
 j - 3 potions of curing
 k - 2 potions of heal wounds
 n - 2 potions of brilliance {unknown}
 o - a potion of degeneration {unknown}
 q - a potion of flight {unknown}
 s - a potion of berserk rage {unknown}
 u - a potion of mutation {unknown}
Comestibles
 f - 5 rations
 v - 2 chunks of flesh


   Skills:
 + Level 5.4 Fighting
 - Level 1.0 Short Blades
 + Level 6.2 Dodging
 - Level 1.3 Stealth
 - Level 3.2 Evocations


You had 6 spell levels left.
You didn't know any spells.
Your spell library was empty.

Dungeon Overview and Level Annotations

Branches:
Dungeon (5/15)             Temple (1/1) D:4

Altars:
Ashenzari
Cheibriados
Dithmenos
Elyvilon
Gozag
Hepliaklqana
Makhleb
Nemelex Xobeh
Okawaru
Qazlal
Ru
Sif Muna
Trog
Uskayaw
Vehumet
Wu Jian
Xom
Yredelemnul
Zin
The Shining One

Shops:
D:4 }=:*

Annotations:
D:3 2 transporters, grouchysmurf's ghost, amateur MfSk


Innate Abilities, Weirdness & Mutations

You cannot wear most types of armour.
You are very stealthy in the water. (Stealth+)
You are amphibious.
You can wear up to eight rings at the same time.
You can use your tentacles to constrict eight enemies at once.
Your skin changes colour to match your surroundings (Stealth+).
Your rubbery body absorbs attacks. (AC +1, EV +1)


Message History

You slash the adder! You freeze the adder.
You kill the adder!
Cheibriados thoroughly appreciates the change of pace.
An orc priest comes into view. It is wielding a +0 whip.
An orc wizard comes into view. It is wielding a +0 club.
An orc wizard comes into view.
It is wielding a +1 dagger of holy wrath.
The orc wizard zaps a wand.
You are blasted!
Ouch! That really hurt!
Something hits you.
* * * LOW HITPOINT WARNING * * *
Evoke which item? (* to show all) (? for menu, Esc to quit)
Aiming: Enslavement
Press: ? - help, Shift-Dir - straight line, f - orc priest
Aim: an orc priest, wielding a +0 whip and wearing a +0 ring mail (hasn't noticed you, chance to defeat MR: 55%)
The orc priest shouts!
The orc priest is charmed.
The orc wizard shouts! x2
The orc wizard zaps a wand.
You are blasted!
Ouch! That really hurt!
You die...

..##....<)..### #..
#.......#)..# #..
#.......#...# #..
........#...# #..
.....##.#...# #.. #####
......# #.≈ ###...# #.≈
.#.#########..########.≈
...oo..@.............'..
.#.o..o.......########..
#.............#########
........................
.#.#####################
#


You could see 3 orc wizards and a friendly orc priest.

Vanquished Creatures
  A phantom (D:5)
  A centaur (D:5)
  A scorpion (D:4)
  An orc wizard (D:4)
  A bullfrog skeleton (D:5)
  A hound (D:4)
  2 iguanas (D:4)
  4 worker ants
  A worker ant zombie (D:5)
  Robin (D:2)
  5 adders
  7 gnolls
  An ooze (D:1)
  An adder zombie (D:4)
  A worm (D:4)
  A dart slug (D:5)
  A leopard gecko (D:3)
  9 orcs
  3 bats
  2 giant cockroaches (D:4)
  15 goblins
  11 hobgoblins
  5 jackals
  7 kobolds
  3 ball pythons
  6 frilled lizards
  9 rats
101 creatures vanquished.

Vanquished Creatures (others)
  A plant (D:3)
1 creature vanquished.

Grand Total: 102 creatures vanquished

Notes
Turn   | Place    | Note
-------+----------+-------------------------------------------
     0 | D:1      | MisterFreud the Octopode Artificer began the quest for the
                  | Orb.
     0 | D:1      | Reached XP level 1. HP: 13/13 MP: 3/3
   481 | D:1      | Reached XP level 2. HP: 18/19 MP: 4/4
   935 | D:1      | Reached XP level 3. HP: 25/25 MP: 5/5
  1386 | D:2      | Noticed Robin
  1396 | D:2      | Killed Robin
  1621 | D:2      | Reached XP level 4. HP: 30/33 MP: 6/6
  2277 | D:3      | Found a transporter.
  2511 | D:4      | Reached skill level 3 in Dodging
  2512 | D:4      | Reached XP level 5. HP: 32/37 MP: 7/7
  2540 | D:5      | Entered Level 5 of the Dungeon
  2906 | D:4      | Reached skill level 4 in Dodging
  3634 | D:3      | Reached XP level 6. HP: 21/43 MP: 8/8
  4076 | D:3      | Noticed grouchysmurf's ghost (amateur MfSk)
  4086 | D:3      | Found a transporter.
  4091 | D:3      | Identified the +0 halberd of Indomitability {elec, rElec
                  | rC- Dex+4}
  4182 | D:4      | Found Ximpuotta's Gadget Shop.
  4184 | D:4      | Found Tyluim's Jewellery Shop.
  4187 | D:4      | Found Yxtynits's Book Shop.
  4194 | D:4      | Reached skill level 5 in Dodging
  4307 | D:4      | Found Uwifyn's Assorted Antiques.
  4331 | D:4      | Bought a smoky blue potion for 22 gold pieces
  4331 | D:4      | Bought a fuming dark potion for 22 gold pieces
  4805 | D:4      | Found a staircase to the Ecumenical Temple.
  4811 | Temple   | Entered the Ecumenical Temple
  5168 | D:5      | Reached XP level 7. HP: 33/49 MP: 9/9
  5237 | D:5      | Reached skill level 5 in Fighting
  5256 | D:5      | Found a snail-covered altar of Cheibriados.
  5272 | D:5      | Reached skill level 6 in Dodging
  5559 | D:5      | Became a worshipper of Cheibriados the Contemplative
  5569 | D:5      | Found a stormy altar of Qazlal.
  5599 | D:5      | Found a sparkling altar of Nemelex Xobeh.
  5752 | D:5      | Blown up by an orc wizard

Levels and vault maps discovered:
D:1:      dpeg_arrival_rooms_a, layout_loops_corners, minmay_tromino_v7
D:2:      layout_loops_cross, uniq_robin
D:3:      layout_loops_ring, gammafunk_ghost_gnarly_gnolls, minivault_23
D:4:      layout_loops_ring, minmay_temple_entry_fiery, minmay_shop_grid_forest,
          kennysheep_minor_cross, minmay_bent
D:5:      layout_basic, kennysheep_slug_shrine, lemuel_crystal_altar,
          ebering_ghost_rock_garden, first_ration, nemelex_altar_shiori
Temple:   dpeg_five_rooms_temple

Skill      XL: |  1  2  3  4  5  6  7 |
---------------+----------------------+-----
Fighting       | 2 3 4 5 |  5.4
Dodging        | 3 4 5 6 |  6.2
Short Blades   | |  1.0
Stealth        | |  1.3
Evocations     | |  3.2

Action                   |  1- 3 |  4- 6 |  7- 9 || total
-------------------------+-------+-------+-------++-------
Melee: Short sword       |    90 |    28 |       ||   118
       Tentacles         |    13 |    15 |     3 ||    31
       Constrict         |    19 |    24 |     4 ||    47
       War axe           |       |    89 |    28 ||   117
Evoke: Wand              |       |       |     4 ||     4
  Use: Scroll            |       |    10 |       ||    10
 Stab: Sleeping          |    11 |    10 |     1 ||    22
       Distracted        |     1 |       |     1 ||     2
  Eat: Chunk             |     2 |    10 |     3 ||    15
Armor: Skin              |     7 |     7 |       ||    14
Dodge: Dodged            |    52 |    82 |    21 ||   155

Table legend:
 A = Non-vault XP
 B = Vault XP
 C = Vault XP percentage of total XP
 D = Non-vault monster count
 E = Vault monster count
 F = Vault count percentage of total count
                 A         B        C        D         E       F
            +---------+---------+-------+---------+---------+-------
      Total |     820 |     162 |  16.5 |      79 |      22 |  21.8
            +---------+---------+-------+---------+---------+-------
        D:1 |      39 |       4 |   9.3 |      23 |       3 |  11.5
        D:2 |      28 |      35 |  55.6 |      11 |      12 |  52.2
        D:3 |     102 |       0 |   0.0 |      20 |       0 |   0.0
        D:4 |     252 |     119 |  32.1 |      13 |       6 |  31.6
        D:5 |     399 |       4 |   1.0 |      12 |       1 |   7.7
            +---------+---------+-------+---------+---------+-------
